 Dungeon Crawl Stone Soup version 0.28.0-62-gf88900778d (webtiles) character file.

Game seed: 4986613908778956427

15863 cbfl8 the Cleaver (level 12, -4/93 HPs)
             Began as a Minotaur Fighter on July 7, 2023.
             Was a Believer of Hepliaklqana.
             Slain by a spark wasp (17 damage)
             ... on level 12 of the Dungeon.
             The game lasted 00:21:07 (15224 turns).

cbfl8 the Cleaver (Minotaur Fighter)               Turns: 15224, Time: 00:21:08

Health: -4/93      AC: 20    Str: 21    XL:     12   Next: 5%
Magic:  0/11       EV:  7    Int:  5    God:    Hepliaklqana [**....]
Gold:   791        SH:  6    Dex: 15    Spells: 11/11 levels left

rFire   . . .      SeeInvis +   a - +0 war axe (protect)
rCold   . . .      Faith    .   c - +0 buckler
rNeg    . . .      Spirit   +   r - +0 plate armour
rPois   .          Reflect  .   (helmet restricted)
rElec   .          Harm     .   v - scarf {repulsion}
rCorr   .          Rampage  +   (no gloves)
Will    .....                   D - +0 pair of boots
Stlth   ..........              I - amulet of Fatigue {Spirit Rampage}
HPRegen 0.25/turn               f - ring of see invisible
MPRegen 0.12/turn               J - +4 ring of protection

@: repel missiles
A: reduced essence, horns 2, retaliatory headbutt
a: Renounce Religion, Recall Ancestor, Ancestor Identity


You were on level 12 of the Dungeon.
You worshipped Hepliaklqana.
Hepliaklqana was pleased with you.
You visited 2 branches of the dungeon, and saw 13 of its levels.
You also visited: Ossuary and Bailey.

You collected 791 gold pieces.

Inventory:

Hand Weapons
 a - a +0 war axe of protection (weapon)
Missiles
 d - 26 boomerangs
 w - 3 throwing nets
Armour
 c - a +0 buckler (worn)
 r - a +0 plate armour (worn)
 v - a scarf of repulsion (worn)
 D - a +0 pair of boots (worn)
Jewellery
 f - a ring of see invisible (left hand)
 E - an amulet of reflection
 I - the amulet of Fatigue (around neck) {Spirit Rampage}
   (You found it on level 11 of the Dungeon)

   [amulet of guardian spirit]

   It causes incoming damage to be divided between your reserves of health and
   magic.
   Rampage:   It bestows one free step when moving towards enemies.
 J - a +4 ring of protection (right hand)
Wands
 z - a wand of digging (11)
 F - a wand of polymorph (2) (quivered)
Scrolls
 b - a scroll of amnesia
 e - 2 scrolls of holy word
 i - 3 scrolls of enchant weapon
 m - 2 scrolls of enchant armour
 p - 2 scrolls of magic mapping
 q - 2 scrolls of fear
 A - 3 scrolls of noise
 C - 2 scrolls of fog
Potions
 g - a potion of invisibility
 h - a potion of ambrosia {unknown}
 j - 3 potions of mutation {unknown}
 k - 4 potions of flight {unknown}
 n - 4 potions of heal wounds {unknown}
 o - a potion of degeneration {unknown}
 s - a potion of cancellation {unknown}
 t - 4 potions of curing
 u - 3 potions of haste {unknown}
 x - 2 potions of brilliance {unknown}
 H - a potion of magic {unknown}
 K - 2 potions of lignification {unknown}
Miscellaneous
 l - a tin of tremorstones (2/2)


   Skills:
 + Level 9.0 Fighting
 + Level 12.4 Axes
 + Level 7.6 Throwing
 + Level 10.3 Armour
 - Level 1.7 Dodging
 + Level 4.1 Stealth
 + Level 7.6 Shields
 * Level 8.5 Evocations


You had 11 spell levels left.
You didn't know any spells.
Your spell library contained the following spells:

 Spells                   Type           Power      Damage    Failure   Level
 Animate Skeleton         Necr           0%         N/A       100%        1
 Apportation              Tloc           0%         N/A       100%        1
 Slow                     Hex            0%         N/A       100%        1
 Summon Small Mammal      Summ           0%         N/A       100%        1
 Corpse Rot               Necr/Air       0%         N/A       100%        2
 Poisonous Vapours        Pois/Air       0%         N/A       100%        2
 Call Canine Familiar     Summ           0%         N/A       100%        3
 Confusing Touch          Hex            0%         N/A       100%        3
 Ignite Poison            Fire/Tmut/Pois 0%         N/A       100%        3
 Mephitic Cloud           Conj/Pois/Air  0%         N/A       100%        3
 Portal Projectile        Hex/Tloc       0%         N/A       100%        3
 Stone Arrow              Conj/Erth      0%         3d7       100%        3
 Vampiric Draining        Necr           0%         2d6       100%        3
 Animate Armour           Summ/Erth      0%         N/A       100%        4
 Leda's Liquefaction      Hex/Erth       0%         N/A       100%        4
 Freezing Cloud           Conj/Ice/Air   0%         6-21      100%        5
 Conjure Ball Lightning   Conj/Air       0%         3x3d6     100%        6
 Dispersal                Tloc           0%         N/A       100%        6
 Borgnjor's Revivificati  Necr           0%         N/A       100%        8
 Discord                  Hex            0%         N/A       100%        8
 Disjunction              Tloc           0%         N/A       100%        8
 Lehudib's Crystal Spear  Conj/Erth      0%         10d2      100%        8
 Necromutation            Tmut/Necr      0%         N/A       100%        8
 Death's Door             Necr           0%         N/A       100%        9


Dungeon Overview and Level Annotations

Branches:
Dungeon (12/15)            Temple (1/1) D:7            Lair (0/6) D:11
    Orc (0/2) D:11        Ossuary (visited)          Bailey (visited)

Altars:
Ashenzari
Cheibriados
Dithmenos
Elyvilon
Fedhas
Gozag
Hepliaklqana
Kikubaaqudgha
Makhleb
Nemelex Xobeh
Okawaru
Qazlal
Ru
Sif Muna
Trog
Vehumet
Wu Jian
Xom
Yredelemnul
Zin
The Shining One

Shops:
D:4 [

Annotations:
D:7 2 transporters
D:10 2 transporters, cbfl8's ghost, novice MiBe


Innate Abilities, Weirdness & Mutations

Your life essence is reduced to manifest your ancestor. (-10% HP)
You have a pair of horns on your head.
You reflexively headbutt those who attack you in melee.


Message History

Aiming: Polymorph
Press: ? - help, Q - select action, (/) - cycle Shift-Dir - straight line, f/p - seven-headed hydra
Aim: a seven-headed hydra (lightly wounded, ally target, will become a spark wasp, a broodmother, or a merfolk, chance to affect: 33%)
The seven-headed hydra easily resists.
Valentine casts a spell at the seven-headed hydra.
The puff of frost hits the seven-headed hydra!
The seven-headed hydra closely misses you.
The seven-headed hydra bites you but does no damage. x2
The seven-headed hydra bites you. The seven-headed hydra bites you!
The seven-headed hydra bites you but does no damage.
The seven-headed hydra bites you!
Aiming: Polymorph
Press: ? - help, Q - select action, (/) - cycle Shift-Dir - straight line, f/p - seven-headed hydra
Aim: a seven-headed hydra (lightly wounded, ally target, will become a spark wasp, a broodmother, or a merfolk, chance to affect: 33%)
The seven-headed hydra evaporates and reforms as a spark wasp!
You block the centaur's attack.
The centaur kicks you but does no damage.
Valentine hits the spark wasp with a +0 quarterstaff!
The spark wasp stings you! The spark wasp shocks you!
The centaur hits you but does no damage.
The centaur kicks you but does no damage.
Aiming: Polymorph
Press: ? - help, Q - select action, (/) - cycle Shift-Dir - straight line, f/p - spark wasp
Aim: a spark wasp (moderately wounded, ally target, will become a great orb of eyes, a fire dragon, or a shining eye, chance to affect: 50%)
Okay, then.
Valentine casts a spell at the spark wasp.
The stone arrow hits the spark wasp.
The centaur hits Valentine.
The centaur barely misses Valentine.
The spark wasp stings you!!
* * * LOW HITPOINT WARNING * * *
The spark wasp shocks you!
* * * LOW HITPOINT WARNING * * *
Okay, then.
You feel better.
The centaur hits Valentine but does no damage.
The centaur barely misses Valentine.
Valentine closely misses the spark wasp.
The spark wasp stings you!
* * * LOW HITPOINT WARNING * * *
The spark wasp shocks you!
You die...

'..(. #... #... #.. #
#.. .# #.###.# #.c...#
#yR...# #@....#
#.....# #.....#
#.....# #.....#
#.###.# #.....#
############+###.....#
.....................#


You could see the friendly Valentine the battlemage, a spark wasp (ally target)
and a centaur.

Vanquished Creatures
  3 two-headed ogres
  A skeletal warrior (D:10)
  An ugly thing (D:11)
  An orc knight (Bailey)
  A deep elf pyromancer (D:12)
  Maggie (D:6)
  A gargoyle (D:11)
  A komodo dragon (D:11)
  A shadow (D:12)
  3 wraiths
  2 wyverns
  5 yaks
  A steam dragon (D:8)
  An acid dragon (D:10)
  8 orc warriors
  An ice beast (D:7)
  3 necrophages
  5 ogres
  3 centaurs
  A phantom (D:6)
  5 kobold brigands
  3 bullfrogs (D:8)
  Blork the orc (D:6)
  A scorpion (D:5)
  3 killer bees
  8 wights
  7 howler monkeys
  3 centaur zombies
  4 gnoll shamans (D:10)
  A hound (D:6)
  2 jellies (D:4)
  2 human zombies (Ossuary)
  2 orc priests
  A centaur skeleton (D:7)
  2 iguanas
  Ijyb (D:3)
  13 orc wizards
  4 killer bee zombies
  3 mummies
  A howler monkey zombie (D:9)
  15 gnolls
  6 adders
  A shadow imp (D:5)
  An ufetubus (D:5)
  An adder zombie (Ossuary)
  2 worms
  4 dart slugs
  41 orcs
  5 endoplasms
  4 giant cockroaches
  8 goblins
  12 hobgoblins
  35 kobolds
  5 quokkas
  10 ball pythons
  3 bats (D:2)
  3 frilled lizards
  A goblin zombie (Ossuary)
  15 hobgoblin zombies (Ossuary)
  A jackal zombie (Ossuary)
  9 kobold zombies (Ossuary)
  7 orc zombies (Ossuary)
  4 rats
  A rat zombie (Ossuary)
305 creatures vanquished.

Vanquished Creatures (collateral kills)
  Urug (D:11)
  2 oklob plants (D:11)
  An unseen horror (D:12)
  A yak (D:11)
  A wight (D:9)
  An orc priest (D:11)
  A gnoll shaman (D:10)
  2 orc wizards
  A gnoll (D:10)
  2 orcs
13 creatures vanquished.

Vanquished Creatures (others)
  A sky beast (D:7)
  5 ancestors
  A battlemage (D:11)
  25 plants
32 creatures vanquished.

Grand Total: 350 creatures vanquished

Notes
Turn   | Place    | Note
-------+----------+-------------------------------------------
     0 | D:1      | cbfl8 the Minotaur Fighter began the quest for the Orb.
     0 | D:1      | Reached XP level 1. HP: 19/19 MP: 0/0
    93 | D:1      | Reached XP level 2. HP: 17/27 MP: 1/1
   338 | D:1      | Reached skill level 1 in Dodging
  1076 | D:2      | Reached XP level 3. HP: 33/33 MP: 2/2
  1141 | D:2      | Reached skill level 1 in Throwing
  1520 | D:2      | Found a faded altar of an unknown god.
  1572 | D:2      | You fall into a shaft and drop 1 floor!
  1582 | D:3      | Reached skill level 3 in Axes
  1813 | D:3      | Reached skill level 1 in Evocations
  1823 | D:3      | Reached XP level 4. HP: 16/40 MP: 3/3
  2287 | D:3      | Noticed Ijyb
  2293 | D:3      | Paralysed by Ijyb for 4 turns
  2297 | D:3      | Killed Ijyb
  3104 | D:4      | Reached XP level 5. HP: 46/46 MP: 4/4
  3118 | D:4      | Found a radiant altar of Vehumet.
  3150 | D:4      | Identified the +4 trident of Askae {speed, Fly rF- Int+5}
  3197 | D:4      | Found a sand-covered staircase.
  3207 | Ossuary  | Entered an ossuary
  3538 | Ossuary  | Reached skill level 4 in Axes
  4070 | D:3      | Reached XP level 6. HP: 50/52 MP: 5/5
  4486 | D:4      | Found Foelurch's Antique Armour Shoppe.
  4607 | D:4      | Reached skill level 5 in Axes
  4851 | D:5      | Entered Level 5 of the Dungeon
  5573 | D:5      | Reached XP level 7. HP: 37/60 MP: 6/6
  5585 | D:5      | Reached skill level 5 in Armour
  5972 | D:5      | Identified the +6 leather armour of the Endless Expanse
                  | {-Tele Dex+4 Stlth+}
  6334 | D:5      | Reached skill level 6 in Axes
  6905 | D:6      | Reached XP level 8. HP: 56/67 MP: 7/7
  7057 | D:6      | Found a shimmering blue altar of Sif Muna.
  7162 | D:6      | Noticed Maggie
  7179 | D:6      | Killed Maggie
  7180 | D:6      | Reached skill level 5 in Fighting
  7180 | D:6      | Reached skill level 7 in Axes
  7794 | D:6      | Noticed Blork the orc
  7800 | D:6      | Killed Blork the orc
  8071 | D:7      | Found a flagged portal.
  8099 | D:7      | Reached skill level 8 in Axes
  8127 | Bailey   | Entered a bailey
  8136 | Bailey   | Noticed an orc warlord
  8178 | Bailey   | Noticed an orc knight
  8187 | Bailey   | Reached XP level 9. HP: 58/74 MP: 8/8
  8191 | Bailey   | Killed an orc knight
  8192 | Bailey   | Reached skill level 5 in Throwing
  8192 | Bailey   | Reached skill level 1 in Stealth
  8414 | Bailey   | Found a runed translucent gate.
  8416 | Bailey   | Found a runed translucent gate.
  8419 | Bailey   | Found a runed translucent gate.
  8658 | D:7      | Reached skill level 9 in Axes
  8658 | D:7      | Reached XP level 10. HP: 86/86 MP: 9/9
  8723 | D:7      | Found a transporter.
  8854 | D:7      | Found a staircase to the Ecumenical Temple.
  9001 | D:7      | Found a transporter.
  9441 | Temple   | Entered the Ecumenical Temple
  9541 | Temple   | Became a worshipper of Hepliaklqana the Forgotten
  9810 | D:8      | Reached skill level 10 in Axes
 10088 | D:8      | Reached * piety under Hepliaklqana
 11035 | D:9      | Found a sparkling altar of Nemelex Xobeh.
 11118 | D:10     | Entered Level 10 of the Dungeon
 11119 | D:10     | Noticed a two-headed ogre
 11379 | D:9      | Reached XP level 11. HP: 29/84 MP: 10/10
 11393 | D:9      | Killed a two-headed ogre
 11460 | D:10     | Noticed a skeletal warrior
 11491 | D:10     | Killed a skeletal warrior
 11921 | D:10     | Noticed a two-headed ogre
 11929 | D:10     | Killed a two-headed ogre
 11984 | D:10     | Noticed a tengu warrior
 11993 | D:10     | Found a transporter.
 11993 | D:10     | Noticed a two-headed ogre
 11996 | D:10     | Found a bloodstained altar of Trog.
 12002 | D:10     | Reached ** piety under Hepliaklqana
 12007 | D:10     | Noticed cbfl8's ghost (novice MiBe)
 12011 | D:10     | Found a transporter.
 12063 | D:10     | Reached skill level 11 in Axes
 12790 | D:11     | Noticed Urug
 12792 | D:11     | Noticed a two-headed ogre
 12802 | D:11     | Identified the amulet of Fatigue {Spirit Rampage}
 12815 | D:11     | Remembered your ancestor Valentine as a battlemage
 13087 | D:11     | Noticed an oklob plant
 13310 | D:11     | Found a staircase to the Orcish Mines.
 13596 | D:11     | Killed a two-headed ogre
 13640 | D:11     | Found a staircase to the Lair.
 13651 | D:11     | Noticed an oklob plant
 13756 | D:11     | Noticed a green ugly thing
 13764 | D:11     | Killed a green ugly thing
 14077 | D:11     | Reached skill level 12 in Axes
 14103 | D:11     | Killed Urug
 14104 | D:11     | Reached skill level 10 in Armour
 14586 | D:11     | Killed an oklob plant
 14839 | D:11     | Killed an oklob plant
 15039 | D:12     | Reached XP level 12. HP: 81/93 MP: 8/11
 15215 | D:12     | Noticed a six-headed hydra
 15222 | D:12     | Noticed a spark wasp
 15222 | D:12     | a seven-headed hydra changed into a spark wasp
 15224 | D:12     | Slain by a spark wasp

Illustrated notes

Levels and vault maps discovered:
D:1:      nzn_arrival_settlement, layout_loops_ring, minmay_misc_feat_tower,
          chequers_big_river
D:2:      wad_pebble_path, layout_basic, serial_forest,
          infiniplex_forest_clump_small, infiniplex_forest_side_room,
          infiniplex_forest_lined_room_3, infiniplex_forest_corner_2,
          infiniplex_forest_straight_2, infiniplex_forest_lined_3,
          infiniplex_forest_clump_small, chequers_ecumenical_altar_island
D:3:      layout_basic, serial_bayou_ford_a, kennysheep_pointless_box, uniq_ijyb
D:4:      layout_rooms, vehumet_altar_wand_db, gup_ossuary_entry_pyramid,
          serial_shops, nicolae_shop_overgrown_old_shop, kennysheep_flooded_box,
          corexii_shack
D:5:      layout_loops_cross, grunt_decor_resistance
D:6:      layout_loops_ring, mainiacjoe_overflow_paths, uniq_maggie,
          uniq_blork_the_orc
D:7:      gammafunk_wand_slinger, layout_loops_ring,
          minmay_temple_entry_statues_pillars, enter_bailey_4,
          amcnicky_mini_rare_corridor_liquid, kennysheep_generic_room_14
D:8:      layout_loops_cross, kennysheep_potato
D:9:      layout_rooms, nemelex_altar_shiori
D:10:     kennysheep_seaside_town, layout_irregular_city,
          gammafunk_ghost_wrathful_warriors, minmay_misc_feat_secret_circle,
          minmay_radiant
D:11:     layout_roguey, dpeg_oklobed_lair, orc_0_dummy, uniq_urug
D:12:     layout_stronghold
Temple:   mainiacjoe_temple_bowtie_tessellation

Skill      XL: |  1  2  3  4  5  6  7  8  9 10 11 |
---------------+----------------------------------+-----
Dodging        | 1 |  1.7
Armour         | 4 5 6 8 10 | 10.3
Throwing       | 1 2 3 4 7 |  7.6
Axes           | 3 4 5 6 8 9 10 12 | 12.4
Evocations     | 1 2 3 4 6 7 8 |  8.5
Fighting       | 4 5 7 9 |  9.0
Shields        | 4 6 7 |  7.6
Stealth        | 3 4 |  4.1

Action                   |  1- 3 |  4- 6 |  7- 9 | 10-12 || total
-------------------------+-------+-------+-------+-------++-------
Melee: War axe           |   107 |   162 |   216 |   424 ||   909
       Headbutt          |     5 |    33 |    34 |    90 ||   162
Throw: Boomerang         |       |       |       |     4 ||     4
Invok: Ancestor Identity |       |       |       |     1 ||     1
       Ancestor Life: Ba |       |       |       |     1 ||     1
Evoke: Wand              |       |       |     4 |    35 ||    39
  Use: Scroll            |       |     6 |     6 |    13 ||    25
       Potion            |       |       |     2 |     5 ||     7
 Stab: Paralysed         |       |       |     8 |       ||     8
       Distracted        |       |       |       |     3 ||     3
Armor: Scale mail        |    49 |    10 |       |       ||    59
       Plate armour      |       |    96 |   127 |   280 ||   503
Dodge: Dodged            |    64 |    51 |    52 |   138 ||   305
Block: Buckler           |    24 |    47 |    54 |   110 ||   235
